Match 42807897
Unlisted

Match 42807897
End
Construct Infanterie Kompanie
Selects Terror Battlegroup
Selects Machine Gun Camouflage
MG 42 Machine Gun Team
Grenadier Squad
MG 42 Machine Gun Team
Construct Panzergrenadier Kompanie
Panzergrenadier Squad
Support Elements
Nebelwerfer 42 Rocket Launcher Team
StuG III G Assault Gun
Nebelwerfer 42 Rocket Launcher Team
251 Medium Carrier
Forward Retreat Point
Construct Luftwaffe Kompanie
Selects Defend the Fatherland
Wirbelwind Flakpanzer
StuG III G Assault Gun
Selects King Tiger Heavy Tank
Selects Contempt for the Weak
King Tiger Heavy Tank
Medical Bunker
Construct Panzer Kompanie
Selects Propaganda Leaflet Drop
Propaganda Leaflet Drop
Panzer IV Medium Tank
Side Skirts
Selects V1 Rocket Strike
V1 Rocket Strike
Panzer IV Medium Tank
V1 Rocket Strike
Dzwony Stefana
Sepp
bigbudaty
acu.12.aae
alexjgh
BlueBagpipe
Henk
gUi
0
0

Comments sign in to comment!

No comments posted yet!